 Dungeon Crawl Stone Soup version 0.25-a0-306-g3faca94807 (webtiles) character file.

Game seed: 7882838516441627058, levelgen mode: deterministic

217 MoonlitKnight the Cudgeler (level 5, -5/47 HPs)
             Began as a Minotaur Berserker on Dec 21, 2019.
             Was a Believer of Trog.
             Slain by Edmund
             ... wielding a +0 flail of protection
              (6 damage)
             ... on level 4 of the Dungeon.
             The game lasted 00:05:07 (3708 turns).

MoonlitKnight the Cudgeler (Minotaur Berserker)     Turns: 3708, Time: 00:05:07

Health: -5/47      AC:  5    Str: 23    XL:     5   Next: 62%
Magic:  4/4        EV: 11    Int:  4    God:    Trog [**....]
Gold:   137        SH:  0    Dex:  9    Spells: 4/4 levels left

rFire    . . .     SeeInvis .   a - +0 mace
rCold    . . .     Gourm    .   (no shield)
rNeg     . . .     Faith    .   f - +0 ring mail
rPois    .         Spirit   .   (helmet restricted)
rElec    .         Reflect  .   (no cloak)
rCorr    .         Harm     .   (no gloves)
MR       .....                  (no boots)
Stlth    ..........             (no amulet)
HPRegen  0.15/turn              (no ring)
MPRegen  0.09/turn              (no ring)

@: no status effects
A: retaliatory headbutt, horns 2
a: Berserk, Trog's Hand, Renounce Religion


You were on level 4 of the Dungeon.
You worshipped Trog.
Trog was pleased with you.
You were not hungry.

You visited 1 branch of the dungeon, and saw 4 of its levels.

You collected 137 gold pieces.

Inventory:

Hand Weapons
 a - a +0 mace (weapon)
 b - a +0 hunting sling
Missiles
 r - 13 sling bullets
Armour
 f - a +0 ring mail (worn)
Scrolls
 h - 3 scrolls of teleportation {unknown}
 i - 2 scrolls of remove curse {unknown}
 l - a scroll of fear {unknown}
 m - a scroll of fog {unknown}
 n - a scroll of amnesia {unknown}
 p - a scroll of enchant armour {unknown}
 q - a scroll of identify {unknown}
 s - a scroll of immolation {unknown}
 t - a scroll of magic mapping {unknown}
Potions
 d - 7 potions of curing {unknown}
 e - 2 potions of invisibility {unknown}
 g - a potion of flight {unknown}
 j - a potion of magic {unknown}
 k - a potion of haste {unknown}
 o - a potion of degeneration {unknown}
Comestibles
 c - 8 rations
 u - 4 chunks of flesh


   Skills:
 + Level 4.9 Fighting
 * Level 6.0 Maces & Flails
 + Level 4.1 Armour
 - Level 2.1 Dodging


You had 4 spell levels left.
You didn't know any spells.
Your spell library was empty.

Dungeon Overview and Level Annotations

Branches:
Dungeon (4/15)
 Temple: D:4-7

Altars:

Shops:
D:4 !

Annotations:
D:4 Edmund


Innate Abilities, Weirdness & Mutations

You reflexively headbutt those who attack you in melee.
You have a pair of horns on your head.


Message History

Some of the chunks of flesh in your inventory have rotted away.
You hit Edmund.
Edmund is lightly wounded.
Edmund hits you with a +0 flail of protection.
* * * LOW HITPOINT WARNING * * *
You hit Edmund.
Edmund is lightly wounded.
Edmund hits you with a +0 flail of protection.
* * * LOW HITPOINT WARNING * * *
You hit Edmund but do no damage. You headbutt Edmund.
Edmund is lightly wounded.
Edmund hits you but does no damage.
You barely miss Edmund. You headbutt Edmund, but do no damage.
Edmund is lightly wounded.
Edmund hits you with a +0 flail of protection.
* * * LOW HITPOINT WARNING * * *
You sock Edmund! Your headbutt misses Edmund.
Edmund is moderately wounded.
Edmund hits you with a +0 flail of protection.
You die...

?...# # ....### .
...... .#....##
#......# #......# .
#@.....#
##...####@.....#
...............##
.....###.........
...# #.......##
.##.[###.......# ..
#..............#
...#..#.....#..####
...#.##.......##
....#8.8.8.###


You could see Edmund.

Vanquished Creatures
  Jessica (D:2)
  A worker ant (D:4)
  7 adders
  5 worms
  2 dart slugs
  6 leopard geckos
  9 orcs
  6 bats
  5 giant cockroaches
  12 goblins
  A hobgoblin (D:3)
  8 kobolds
  2 quokkas
  4 frilled lizards
  6 rats
75 creatures vanquished.

Notes
Turn   | Place    | Note
-------+----------+-------------------------------------------
     0 | D:1      | MoonlitKnight the Minotaur Berserker began the quest for
                  | the Orb.
     0 | D:1      | Reached XP level 1. HP: 19/19 MP: 0/0
   140 | D:1      | Reached skill level 4 in Maces & Flails
   160 | D:1      | Reached XP level 2. HP: 7/27 MP: 1/1
  1044 | D:1      | Reached XP level 3. HP: 32/33 MP: 2/2
  1229 | D:2      | Reached ** piety under Trog
  1262 | D:2      | Noticed Jessica
  1270 | D:2      | Killed Jessica
  1270 | D:2      | Reached skill level 5 in Maces & Flails
  1270 | D:2      | Reached XP level 4. HP: 33/41 MP: 3/3
  2837 | D:3      | Reached XP level 5. HP: 42/47 MP: 4/4
  2910 | D:3      | You fall into a shaft and drop 1 floor!
  3471 | D:4      | Reached skill level 6 in Maces & Flails
  3675 | D:4      | Found Haushiji's Distillery.
  3690 | D:4      | Noticed Edmund
  3707 | D:4      | HP: 1/47 [Edmund/+0 flail of protection (4)]
  3708 | D:4      | Slain by Edmund

Levels and vault maps discovered:
D:1:      dpeg_arrival_rooms_a, layout_basic
D:2:      layout_basic, serial_forest, infiniplex_forest_end_2,
          infiniplex_forest_lined_2, infiniplex_forest_3_way,
          infiniplex_forest_lined_4_way, infiniplex_forest_lined_room_,
          infiniplex_forest_lined_2, infiniplex_forest_end_2,
          infiniplex_forest_clump_large, uniq_jessica
D:3:      kennysheep_big_flooded_room, layout_rooms
D:4:      layout_rooms, serial_shops,
          nicolae_shop_temple_entry_statues_fountains, uniq_edmund

Skill      XL: |  1  2  3  4  5 |
---------------+----------------+-----
Maces & Flails | 4 5 6 |  6.0
Fighting       | 4 |  4.9
Armour         | 3 4 |  4.1
Dodging        | |  2.1

Action                   |  1- 3 |  4- 6 || total
-------------------------+-------+-------++-------
Melee: Mace              |    58 |   128 ||   186
       Headbutt          |    10 |    17 ||    27
 Stab: Sleeping          |     1 |     1 ||     2
  Eat: Chunk             |     1 |     8 ||     9
Armor: Animal skin       |     6 |     7 ||    13
       Ring mail         |       |    20 ||    20
Dodge: Dodged            |    28 |    67 ||    95

Table legend:
 A = Non-vault XP
 B = Vault XP
 C = Vault XP percentage of total XP
 D = Non-vault monster count
 E = Vault monster count
 F = Vault count percentage of total count
                 A         B        C        D         E       F
            +---------+---------+-------+---------+---------+-------
      Total |     268 |      43 |  13.8 |      72 |       3 |   4.0
            +---------+---------+-------+---------+---------+-------
        D:1 |      43 |       0 |   0.0 |      23 |       0 |   0.0
        D:2 |      78 |      37 |  32.2 |      21 |       1 |   4.5
        D:3 |      93 |       6 |   6.1 |      19 |       2 |   9.5
        D:4 |      54 |       0 |   0.0 |       9 |       0 |   0.0
            +---------+---------+-------+---------+---------+-------
